 Dungeon Crawl Stone Soup version 0.24.1-11-gbbbb2193e6 (webtiles) character file.

Game seed: 8630907881517988808, levelgen mode: deterministic

1116017 PIKKUHERKKO the Conqueror (level 27, -3/273 HPs)
             Began as a Hill Orc Monk on May 12, 2020.
             Was the Champion of the Shining One.
             Killed from afar by a shard shrike (46 damage)
             ... with a shard of ice
             ... on level 7 of Cocytus.
             The game lasted 03:48:44 (32162 turns).

PIKKUHERKKO the Conqueror (Hill Orc Monk)          Turns: 32162, Time: 03:48:45

Health: -3/273     AC: 37    Str: 28    XL:     27
Magic:  0/37       EV: 23    Int: 14    God:    the Shining One [******]
Gold:   3912       SH: 14    Dex: 25    Spells: 35/38 levels left

rFire    + + .     SeeInvis .   I - +9 executioner's axe (holy)
rCold    + . .     Gourm    .   (shield currently unavailable)
rNeg     + + +     Faith    .   e - +5 gold dragon scales
rPois    +         Spirit   +   (helmet restricted)
rElec    .         Reflect  .   x - scarf {Spirit}
rCorr    .         Harm     .   Y - +2 pair of gloves {Str+3}
MR       +++..                  d - +1 pair of boots of Dishonesty {*Drain MR+ Stlth+}
Stlth    ..........             l - amulet of Day {Regen+ Int+4 Dex+6 Stlth-}
HPRegen  0.00/turn              N - ring of Utiubitsi {+Blink rF+ Str+3 Dex+3 Slay+3}
MPRegen  0.25/turn              w - ring of flight

@: divine shield, glowing
A: antennae 1, inhibited regeneration, weak 1
}: 15/15 runes: serpentine, barnacled, slimy, silver, golden, iron, obsidian,
icy, bone, abyssal, demonic, glowing, magical, fiery, dark
a: Divine Shield, Cleansing Flame, Summon Divine Warrior, Renounce Religion,
Evoke Blink, Evoke Flight


You were on level 7 of Cocytus.
You worshipped the Shining One.
The Shining One was exalted by your worship.
You were not hungry.

You visited 16 branches of the dungeon, and saw 81 of its levels.
You visited Pandemonium 1 time, and saw 20 of its levels.
You visited the Abyss 2 times.
You visited 1 ziggurat, and saw 7 of its levels.
You also visited: Bailey, Gauntlet, Ice Cave and Desolation.

You collected 5800 gold pieces.
You spent 1888 gold pieces at shops.

Inventory:

Hand Weapons
 I - a +9 executioner's axe of holy wrath (weapon)
Missiles
 i - 3 throwing nets (quivered)
 L - 5 curare-tipped darts
 Z - 40 silver javelins
Armour
 d - the +1 pair of boots of Dishonesty (worn) {*Drain MR+ Stlth+}
   (You acquired it on level 4 of a ziggurat)

   It affects your resistance to hostile enchantments.
   It causes draining when unequipped.
   It makes you more stealthy.
 e - +5 gold dragon scales (worn)
 h - the +2 pair of boots of the Assassin {Detection Stab+ Stlth++}
   (You acquired it in Pandemonium)

   It makes you much more stealthy.
 n - a +0 pair of boots of running
 x - a scarf of spirit shield (worn)
 M - a +2 helmet of see invisible
 Y - a +2 pair of gloves of strength (worn)
Jewellery
 f - the ring "Buihyom" {EV+3 Str+4}
   (You took it off an iron imp on level 7 of the Iron City of Dis)

   [ring of evasion]

   It affects your evasion (+3).
   It affects your strength (+4).
 g - the ring of Cotawkoish {AC+3 Slay+5}
   (You found it on level 3 of the Tomb of the Ancients)

   [ring of protection]

   It affects your AC (+3).
   It affects your accuracy and damage with ranged weapons and melee attacks
   (+5).
 l - the amulet of Day (around neck) {Regen+ Int+4 Dex+6 Stlth-}
   (You found it on level 3 of the Crypt)

   [amulet of regeneration]

   It affects your intelligence (+4).
   It affects your dexterity (+6).
   It increases your rate of regeneration.
   It makes you less stealthy.
 w - a ring of flight (right hand)
 D - an uncursed amulet of regeneration
 G - the ring of Uvoh {-Tele rElec rF+ rC+ Dex+4}
   (You found it on level 7 of the Iron City of Dis)

   [ring of protection from cold]

   It affects your dexterity (+4).
   It protects you from fire.
   It protects you from cold.
   It insulates you from electricity.
   It prevents most forms of teleportation.
 N - the ring of Utiubitsi (left hand) {+Blink rF+ Str+3 Dex+3 Slay+3}
   (You found it in a Gauntlet)

   [ring of dexterity]

   It affects your strength (+3).
   It affects your dexterity (+3).
   It affects your accuracy and damage with ranged weapons and melee attacks
   (+3).
   It protects you from fire.
   It lets you blink.
 Q - an uncursed ring of protection from magic
 W - an uncursed ring of resist corrosion
Wands
 p - a wand of digging (4)
 T - a wand of iceblast (37)
 X - a wand of acid (1)
Scrolls
 v - a scroll of teleportation
 y - a scroll of enchant weapon
 C - 10 scrolls of identify
 E - 12 scrolls of immolation
 K - 20 scrolls of remove curse
 O - 3 scrolls of summoning
 P - a scroll of fog
 R - 2 scrolls of fear
 S - a scroll of holy word
Potions
 a - 8 potions of agility
 j - 2 potions of flight
 k - a potion of might
 m - 2 potions of brilliance
 o - a potion of magic
 q - 3 potions of resistance
 s - 3 potions of ambrosia
 t - 3 potions of cancellation
 A - 4 potions of lignification
 B - 8 potions of curing
 J - a potion of haste
 V - a potion of berserk rage
Miscellaneous
 b - 2 phantom mirrors
 r - a phial of floods
 z - a fan of gales
Comestibles
 c - 19 rations


   Skills:
 O Level 27 Fighting
 - Level 26.8 Axes
 + Level 24.2 Armour
 + Level 20.4 Dodging
 - Level 1.5 Stealth
   Level 10.4 Shields
 - Level 6.1 Spellcasting
 - Level 12.3 Translocations
 - Level 21.1 Invocations
 - Level 13.0 Evocations


You had 35 spell levels left.
You knew the following spells:

 Your Spells              Type           Power        Failure   Level  Hunger
a - Apportation           Tloc           #####.       1%          1    None
b - Blink                 Tloc           N/A          1%          2    #......

Your spell library contained the following spells:

 Spells                   Type           Power        Failure   Level  Hunger
 Gell's Gravitas          Tloc           #####.....   2%          3    ###....
 Lesser Beckoning         Tloc           #####.....   2%          3    ###....
 Teleport Other           Tloc           #####...     2%          3    ###....
 Passage of Golubria      Tloc           N/A          8%          4    ####...
 Shroud of Golubria       Chrm/Tloc      ###...       14%         2    #......
 Portal Projectile        Hex/Tloc       ###...       28%         3    ###....
 Force Lance              Conj/Tloc      ###.....     67%         4    ####...
 Animate Skeleton         Necr           N/A          75%         1    None
 Beastly Appendage        Tmut           #.....       75%         1    None
 Confusing Touch          Hex            #.....       75%         1    None
 Corona                   Hex            #......      75%         1    None
 Flame Tongue             Conj/Fire      #....        75%         1    None
 Infusion                 Chrm           #...         75%         1    None
 Magic Dart               Conj           #...         75%         1    None
 Sandblast                Erth           #.....       75%         1    None
 Summon Butterflies       Summ           #.......     75%         1    None
 Summon Small Mammal      Summ           #...         75%         1    None
 Dispersal                Tloc           #####.....   75%         6    #######
 Call Imp                 Summ           #.......     87%         2    #......
 Ensorcelled Hibernation  Hex/Ice        #.....       87%         2    #......
 Passwall                 Tmut/Erth      #.......     87%         2    #......
 Slow                     Hex            #.......     87%         2    #......
 Song of Slaying          Chrm           #.......     87%         2    #......
 Sticks to Snakes         Tmut           #.......     87%         2    #......
 Sublimation of Blood     Necr           #.........   87%         2    #......
 Swiftness                Chrm/Air       #.......     87%         2    #......
 Summon Forest            Summ/Tloc      ###.......   95%         5    ######.
 Call Canine Familiar     Summ           #.......     98%         3    ###....
 Confuse                  Hex            #.......     98%         3    ###....
 Conjure Flame            Conj/Fire      #.......     98%         3    ###....
 Dazzling Spray           Conj/Hex       #.....       98%         3    ###....
 Ignite Poison            Fire/Tmut/Pois #.......     98%         3    ###....
 Mephitic Cloud           Conj/Pois/Air  #.......     98%         3    ###....
 Ozocubu's Armour         Chrm/Ice       #.......     98%         3    ###....
 Regeneration             Chrm/Necr      #.........   98%         3    ###....
 Spectral Weapon          Hex/Chrm       #.......     98%         3    ###....
 Spider Form              Tmut/Pois      #.........   98%         3    ###....
 Stone Arrow              Conj/Erth      #.....       98%         3    ###....
 Summon Guardian Golem    Hex/Summ       #.......     98%         3    ###....
 Tukima's Dance           Hex            #.......     98%         3    ###....
 Vampiric Draining        Necr           #.........   98%         3    ###....
 Airstrike                Air            #.........   100%        4    ####...
 Animate Dead             Necr           N/A          100%        4    ####...
 Cause Fear               Hex            #.........   100%        4    ####...
 Ice Form                 Ice/Tmut       #.......     100%        4    ####...
 Petrify                  Tmut/Erth      #.......     100%        4    ####...
 Sticky Flame             Conj/Fire      #.......     100%        4    ####...
 Summon Ice Beast         Ice/Summ       #.......     100%        4    ####...
 Summon Lightning Spire   Summ/Air       #.......     100%        4    ####...
 Alistair's Intoxication  Tmut/Pois      #.......     100%        5    ######.
 Blade Hands              Tmut           #.........   100%        5    ######.
 Borgnjor's Vile Clutch   Necr/Erth      #.........   100%        5    ######.
 Excruciating Wounds      Chrm/Necr      #.........   100%        5    ######.
 Irradiate                Conj/Tmut      #.........   100%        5    ######.
 Iskenderun's Battlesphe  Conj/Chrm      #.......     100%        5    ######.
 Lee's Rapid Deconstruct  Erth           #.........   100%        5    ######.
 Metabolic Englaciation   Hex/Ice        #.........   100%        5    ######.
 Silence                  Hex/Air        #.........   100%        5    ######.
 Summon Mana Viper        Hex/Summ       #.......     100%        5    ######.
 Venom Bolt               Conj/Pois      #.........   100%        5    ######.
 Bolt of Cold             Conj/Ice       #.........   100%        6    #######
 Bolt of Fire             Conj/Fire      #.........   100%        6    #######
 Conjure Ball Lightning   Conj/Air       #.........   100%        6    #######
 Darkness                 Hex            #.........   100%        6    #######
 Deflect Missiles         Chrm/Air       #.........   100%        6    #######
 Freezing Cloud           Conj/Ice/Air   #.........   100%        6    #######
 Hydra Form               Tmut           #.........   100%        6    #######
 Invisibility             Hex            #.......     100%        6    #######
 Shadow Creatures         Summ           N/A          100%        6    #######
 Statue Form              Tmut/Erth      #........    100%        6    #######
 Dragon Form              Tmut           #.........   100%        7    #######
 Haunt                    Necr/Summ      #.........   100%        7    #######
 Malign Gateway           Summ/Tloc      ###.......   100%        7    #######
 Monstrous Menagerie      Summ           #.........   100%        7    #######
 Summon Greater Demon     Summ           #.........   100%        7    #######
 Summon Hydra             Summ           #.........   100%        7    #######
 Borgnjor's Revivificati  Necr           #.........   100%        8    #######
 Death's Door             Chrm/Necr      #.........   100%        8    #######
 Infestation              Necr           #.........   100%        8    #######
 Necromutation            Tmut/Necr      #.........   100%        8    #######
 Summon Horrible Things   Summ           #.........   100%        8    #######
 Dragon's Call            Summ           #.........   100%        9    #######


Dungeon Overview and Level Annotations

Branches:
Dungeon (15/15)            Temple (1/1) D:4            Lair (6/6) D:8
 Shoals (4/4) Lair:4        Snake (4/4) Lair:3        Slime (5/5) Lair:6
    Orc (2/2) D:9             Elf (0/3) Orc:2        Vaults (5/5) D:14
  Crypt (3/3) Vaults:2       Tomb (3/3) Crypt:3      Depths (4/5) D:15
   Hell (visited)             Dis (7/7) Hell            Geh (7/7) Hell
    Coc (7/7) Hell            Tar (7/7) Hell         Bailey (visited)
  IceCv (visited)         Desolation (visited)      Gauntlet (visited)

Altars:
Dithmenos
Fedhas
Gozag
Kikubaaqudgha
Makhleb
Nemelex Xobeh
Ru
Sif Muna
Uskayaw
Vehumet
Wu Jian
Yredelemnul
The Shining One
Beogh
Jiyva

Shops:
D:8 [   Orc:2 ?[((   Shoals:4 *[[   Vaults:4 [

Portals:
Hell: Depths:2
Abyss: Depths:2
Pandemonium: Depths:3

Annotations:
D:2 Natasha
D:4 Dowan, Duvessa, Edmund
D:7 exclusion: upstairs
D:9 exclusion: upstairs
Orc:2 exclusion: 2 upstairs
Crypt:1 1 transporter


Innate Abilities, Weirdness & Mutations

You have a pair of small antennae on your head.
You do not regenerate when monsters are visible.
You are weak. (Str -2)


Message History

The shard shrike closely misses you.
You block the shock serpent simulacrum's attack.
Unknown command.
You slice the shock serpent simulacrum like a ripe choko!!!
The shock serpent simulacrum vapourises!
The Shining One accepts your kill.
You feel better.
You slice the titan zombie!!
The titan zombie convulses!!
You block the titan zombie's attack.
Unknown command.
You slash the shard shrike!
The shard shrike is almost dead.
You slice the titan zombie!!
The titan zombie convulses!!
You block the shard shrike's attack.
Unknown command.
You slice the titan zombie like a ripe choko!!!
The titan zombie convulses!
The titan zombie is almost destroyed.
The shard shrike spits a shard of ice at you.
The shard of ice hits you!!! You partially resist.
You die...

#######################..
#........................
.........................
..≈≈≈≈≈≈≈≈≈≈≈≈≈≈≈≈≈≈≈≈≈≈≈
.≈≈≈≈≈≈≈≈≈≈≈≈≈≈≈≈≈≈≈≈≈≈≈≈
≈≈≈≈≈≈≈≈≈≈≈≈≈≈≈b≈≈≈≈≈≈≈≈≈
≈........................
...............○@Z.......
...######################
..########################
.##.............§........##
##...⌠...........^....⌠...##
#...Z......≈≈≈≈≈≈..........##
......≈≈≈≈≈≈≈≈≈≈≈≈≈≈≈≈......##
....≈≈≈≈≈≈≈≈≈≈≈≈≈≈≈≈≈≈≈≈.....#
..≈≈≈≈≈#####≈≈≈≈#####≈≈≈≈≈....


You could see a shard shrike and a titan zombie.

Vanquished Creatures
  Cerebov (Pan)
  Antaeus (Coc:7)
  the Royal Jelly (Slime:5)
  Gloorx Vloq (Pan)
  Ereshkigal (Tar:7)
  Mnoleg (Pan)
  Dispater (Dis:7)
  Khufu (Tomb:1)
  3 ancient liches
  19 greater mummies
  A shard shrike (Coc:7)
  Geryon (Hell)
  A golden dragon (Vaults:5)
  4 bone dragons
  9 Tzitzimimeh
  2 iron giants
  A doom hound (Tar:3)
  9 Brimstone Fiends
  6 pandemonium lords (Pan)
  Rupert (D:13)
  9 liches
  18 Ice Fiends
  13 Hell Sentinels
  2 tentacled monstrosities
  4 quicksilver dragons
  2 titans (Vaults:5)
  9 ancient champions
  A tentacled starspawn (Abyss:1)
  12 acid blobs
  6 sphinxes
  17 Executioners
  An eldritch tentacle (Pan)
  Donald (Snake:3)
  3 tengu reavers (Vaults:5)
  A storm dragon (Vaults:5)
  6 revenants
  6 shadow dragons
  7 azure jellies
  10 nagarajas
  2 draconian monks (Zig:7)
  5 fire giants
  8 iron dragons
  9 vault wardens
  A draconian scorcher (Zig:7)
  2 imperial myrmidons (Desolation)
  2 warmongers (Pan)
  A draconian stormcaller (Zig:7)
  A ghost moth (Crypt:3)
  2 curse skulls (Pan)
  16 cacodemons
  2 deep elf sorcerers
  A deep elf elementalist (Vaults:5)
  An angel (Zig:1)
  16 balrugs
  4 draconian annihilators
  7 stone giants
  7 ghouls
  10 war gargoyles
  8 ironheart preservers
  26 reapers
  2 elemental wellsprings (Coc:7)
  9 vampire knights
  6 very ugly things
  4 blood saints (Pan)
  6 bennus
  The ghost of Nebesus the Carver, a journeyman DrFi of Qazlal (Lair:5)
  2 deep elf annihilators (Pan)
  2 dire elephants
  3 corrupters (Pan)
  Nessos (D:14)
  A black sun (Pan)
  10 lorocyprocas
  A yellow draconian (Zig:7)
  A deep elf demonologist (Vaults:5)
  A minotaur (Gauntlet)
  9 eidola
  2 halazid warlocks (Desolation)
  13 mummy priests
  4 small abominations
  7 ettins
  A spectral quicksilver dragon (Crypt:3)
  A crystal guardian (Desolation)
  2 merfolk impalers
  4 deep elf death magi
  9 yaktaur captains
  16 blizzard demons
  3 merfolk javelineers (Shoals:4)
  5 green deaths
  A spectral golden dragon (Crypt:3)
  5 fire dragons
  11 jiangshi
  2 deep elf high priests (Vaults:5)
  3 quicksilver dragon zombies
  8 servants of whispers (Desolation)
  A death ooze (Slime:3)
  10 naga warriors
  10 ragged hierophants (Desolation)
  3 rakshasas
  6 great orbs of eyes
  6 monstrous demonspawn (Pan)
  28 vault guards
  10 peacekeepers (Desolation)
  8 hydras
  2 spectral shadow dragons (Crypt:3)
  2 merfolk avatars
  A spriggan air mage (Depths:3)
  5 hell beasts
  2 catoblepae
  9 anacondas
  11 ice dragons
  A quicksilver dragon skeleton (Crypt:2)
  9 centaur warriors
  3 satyrs (Shoals:4)
  5 ogre magi
  2 spectral fire giants (Crypt:3)
  6 merfolk aquamancers (Shoals:4)
  21 two-headed ogres
  A spectral stone giant (Crypt:3)
  2 death knights
  38 death scarabs
  10 hell hogs
  A death yak (Lair:4)
  A dancing weapon (Zig:2)
  A deep troll earth mage (Depths:2)
  6 shock serpents
  3 titan zombies
  6 thrashing horrors (Abyss:5)
  6 vampire magi
  2 orc high priests
  A spriggan berserker (Depths:3)
  7 iron trolls
  2 spectral storm dragons (Crypt:3)
  14 naga sharpshooters
  5 deep elf knights
  4 storm dragon zombies
  27 soul eaters
  33 sun demons
  5 iron golems
  38 hell knights
  11 shadow wraiths
  30 large abominations
  5 titan skeletons
  A sea snake (shapeshifter) (Vaults:5)
  10 sixfirhies (Pan)
  2 fire crabs
  4 unseen horrors
  A spark wasp zombie (Crypt:2)
  3 storm dragon skeletons
  62 skeletal warriors
  An unseen horror (shapeshifter) (Vaults:3)
  A salamander mystic (Snake:4)
  A ghost moth zombie (Crypt:3)
  6 glowing orange brains
  7 deep trolls
  A cherub (Zig:1)
  4 infernal demonspawn (Pan)
  5 sea snakes (Shoals:4)
  2 swamp dragons
  2 orange crystal statues (Abyss:5)
  13 flayed ghosts
  A spectral hydra (Crypt:3)
  3 torturous demonspawn (Pan)
  10 gelid demonspawn (Pan)
  11 shadow demons
  10 naga ritualists
  A golden dragon zombie (Coc:5)
  9 anaconda zombies
  A spectral anaconda (Crypt:3)
  A spectral iron dragon (Crypt:3)
  2 wizards
  12 phantasmal warriors
  2 golden dragon skeletons
  11 ironbrand convokers
  2 deep elf archers
  11 harpies
  4 orc knights
  A sphinx zombie (Vaults:2)
  2 shadow dragon zombies
  2 stone giant zombies (Dis:2)
  A spectral ice dragon (Crypt:3)
  Pikel (D:7)
  12 mana vipers
  11 necromancers
  An orc sorcerer (Zig:3)
  3 anaconda skeletons
  2 shining eyes
  11 salamanders
  4 frost giant zombies
  An iron dragon skeleton (Coc:7)
  8 fauns
  3 wolf spiders
  11 ugly things
  A spectral ettin (Crypt:3)
  4 iron dragon zombies
  2 shadow dragon skeletons
  3 cyclopes
  3 fire giant zombies
  16 deep elf magi
  A worldbinder (Abyss:5)
  5 starcursed masses
  A manticore (shapeshifter) (D:9)
  2 shock serpent zombies
  5 stone giant skeletons
  11 guardian serpents
  8 manticores
  An apocalypse crab (Abyss:1)
  8 vault sentinels
  6 naga magi
  An ice statue (IceCv)
  9 merfolk sirens
  A fire giant skeleton (Tomb:1)
  16 rust devils
  5 molten gargoyles
  5 dire elephant zombies
  25 smoke demons
  32 black mambas
  16 spiny frogs
  3 gargoyles
  4 eyes of devastation
  4 water nymphs (Shoals:4)
  A shock serpent skeleton (Tar:7)
  A torpor snail (Lair:4)
  2 kobold demonologists (D:15)
  A pale draconian zombie (Crypt:3)
  A spiny frog (shapeshifter) (Vaults:5)
  16 orange demons (Pan)
  2 anaconda simulacra
  22 freezing wraiths
  An efreet (Gauntlet)
  2 storm dragon simulacra (Crypt:3)
  11 hellions
  19 yaktaurs
  A yaktaur (shapeshifter) (Depths:3)
  14 tormentors
  A dire elephant skeleton (Tar:7)
  9 komodo dragons
  A rime drake (shapeshifter) (Vaults:5)
  15 rime drakes
  A ghost moth simulacrum (Crypt:3)
  4 demonic crawlers (Hell)
  An emperor scorpion zombie (Geh:7)
  A death yak skeleton (Crypt:3)
  17 hellwings (Pan)
  A pale draconian skeleton (Crypt:2)
  8 hydra zombies
  22 ice devils
  22 red devils
  26 guardian mummies
  8 trolls
  A jumping spider (shapeshifter) (Depths:3)
  4 hornets
  16 merfolk
  A queen bee (Lair:1)
  9 polar bears (Lair:6)
  A harpy skeleton (Coc:2)
  3 bog bodies
  4 wind drakes
  56 slime creatures
  4 alligator zombies
  2 raiju (Lair:6)
  A jumping spider zombie (Crypt:1)
  A spectral manticore (Crypt:3)
  A hydra skeleton (Crypt:1)
  An iron dragon simulacrum (Crypt:1)
  2 fire dragon zombies
  81 saltlings (Desolation)
  A snapping turtle (Shoals:4)
  2 ettin zombies
  A meliai zombie (D:12)
  6 dream sheep
  13 hippogriffs
  A frost giant simulacrum (Crypt:3)
  2 ice dragon zombies
  A spectral black mamba (Crypt:3)
  A death drake skeleton (Crypt:2)
  3 ice dragon skeletons
  A black mamba zombie (Geh:2)
  5 fire dragon skeletons
  24 flying skulls
  A shock serpent simulacrum (Coc:7)
  12 water elementals
  13 shadows
  3 alligator skeletons
  11 ynoxinuls (Pan)
  4 ettin skeletons
  14 wraiths
  An air elemental (Zig:2)
  3 ushabtiu
  4 hogs (D:9)
  3 wyverns (Lair:4)
  20 fire elementals
  23 yaks
  12 basilisks
  A human (D:9)
  5 fire bats
  A golden eye (shapeshifter) (Vaults:5)
  6 golden eyes (Pan)
  A yaktaur simulacrum (Vaults:2)
  8 chaos spawn (Pan)
  20 neqoxecs
  2 steam dragons (Lair:6)
  3 vampire mosquitoes (D:12)
  4 hungry ghosts
  The ghost of wolgwang the Stinger, an amateur DsVM (D:7)
  8 wargs
  A harpy simulacrum (Crypt:1)
  45 nagas
  3 spectral spiny frogs
  A swamp worm (shapeshifter) (Vaults:5)
  2 acid dragons
  11 water moccasins
  2 spiny frog zombies
  61 hell hounds
  5 hydra simulacra
  6 porcupines
  A floating eye (shapeshifter) (Depths:3)
  A sky beast (D:9)
  12 black bears
  13 ice beasts
  An ice dragon simulacrum (Tomb:3)
  A sky beast (shapeshifter) (Vaults:1)
  24 orc warriors
  3 spiny frog skeletons
  An ettin simulacrum (Vaults:2)
  3 phantoms
  2 swamp drakes (Lair:6)
  3 snapping turtle zombies
  A blink frog zombie (Crypt:3)
  21 ogres
  12 necrophages
  An eye of draining (shapeshifter) (Vaults:4)
  A snapping turtle skeleton (Geh:7)
  3 boggarts (Vaults:2)
  2 swamp dragon zombies
  16 wolves (Lair:6)
  18 centaurs
  2 human skeletons (Vaults:2)
  12 crocodiles
  4 big kobolds
  14 bullfrogs
  A komodo dragon skeleton (Crypt:1)
  A wyvern zombie (D:10)
  A draconian skeleton (Crypt:1)
  A hornet simulacrum (D:7)
  4 scorpions
  2 troll zombies
  25 killer bees (Lair:1)
  14 wights
  A howler monkey (D:4)
  2 bullfrog zombies
  9 crimson imps
  6 centaur zombies
  4 jellies
  4 hounds
  A human zombie (Tomb:3)
  30 orc priests
  13 iron imps
  24 orc wizards
  2 bullfrog skeletons
  3 iguanas
  12 hell rats
  4 worker ants
  A killer bee zombie (D:7)
  A porcupine skeleton (Crypt:2)
  A dwarf skeleton (Crypt:2)
  A centaur simulacrum (D:7)
  An ogre skeleton (Crypt:1)
  A hound zombie (D:7)
  33 mummies
  A worker ant zombie (D:5)
  8 gnolls
  A howler monkey skeleton (D:10)
  10 adders
  5 shadow imps
  4 white imps
  An adder skeleton (D:4)
  3 dart slugs
  7 leopard geckos
  96 orcs
  2 ball pythons
  3 giant cockroaches
  12 goblins
  6 hobgoblins
  14 jackals
  3 quokkas
  8 bats
  3 frilled lizards
  27 kobolds
  A kobold zombie (Tar:2)
  A leopard gecko skeleton (D:7)
  A leopard gecko zombie (D:6)
  A quokka simulacrum (D:7)
  7 rats
  5 crawling corpses (Vaults:5)
  A fire vortex (Pan)
  2 fungi
  2 pillars of salt (Vaults:4)
  14 plants
  3 starspawn tentacles (Abyss:1)
2817 creatures vanquished.

Vanquished Creatures (collateral kills)
  Asmodeus (Geh:7)
  3 greater mummies (Tomb:3)
  Saint Roka (Vaults:5)
  A shard shrike (Coc:7)
  A golden dragon (Vaults:5)
  2 Brimstone Fiends
  An iron giant (Dis:7)
  5 tentacled monstrosities
  The ghost of laxxamousse2 the Brawler, an adept TrTm of Okawaru (Shoals:4)
  A lich (Vaults:5)
  2 acid blobs (Slime:5)
  A tentacled starspawn (Abyss:5)
  3 sphinxes (Tomb:1)
  An ancient champion (Tomb:3)
  The ghost of droganthewolf the Warrior, an adept GrFi of the Shining One (Shoals:4)
  The ghost of xight the Eclecticist, an adept DEFE of Vehumet (Shoals:4)
  An azure jelly (Slime:5)
  A vault warden (Vaults:5)
  A fire giant (Vaults:5)
  An orc warlord (Orc:2)
  A cacodemon (Pan)
  2 balrugs
  2 reapers
  A war gargoyle (Dis:7)
  A very ugly thing (Vaults:5)
  4 bennus (Tomb:3)
  3 mummy priests (Tomb:3)
  A blizzard demon (Coc:7)
  2 death oozes (Slime:5)
  2 ettins
  A deep elf high priest (Vaults:5)
  2 ice dragons (Coc:7)
  A quicksilver dragon skeleton (Geh:7)
  2 vault guards (Vaults:5)
  A peacekeeper (Desolation)
  A death knight (Vaults:3)
  A rakshasa (Pan)
  An ogre mage (Vaults:5)
  13 death scarabs
  A thrashing horror (Abyss:5)
  An orc high priest (Orc:2)
  8 skeletal warriors
  A deep troll (Vaults:5)
  2 phantasmal warriors
  2 orc knights (Orc:2)
  A shining eye (Pan)
  A wolf spider (Vaults:3)
  A fire giant zombie (Tar:7)
  An ice statue (IceCv)
  4 stone giant skeletons
  A smoke demon (Geh:7)
  A vault sentinel (Vaults:3)
  A rust devil (Dis:7)
  2 yaktaurs (Vaults:3)
  20 guardian mummies
  2 hellwings (Pan)
  2 saltlings (Desolation)
  3 slime creatures (Slime:5)
  A fire dragon zombie (Coc:7)
  8 flying skulls
  10 ushabtiu
  2 wraiths
  A chaos spawn (Pan)
  A golden eye (Pan)
  A neqoxec (Pan)
  A warg (Orc:2)
  2 spiny frog zombies
  2 floating eyes (Pan)
  5 orc warriors
  3 ogres (Vaults:5)
  A boggart (Vaults:3)
  2 orc priests
  10 mummies
  A ball lightning (Pan)
  10 orcs
  A fire vortex (Pan)
  A starspawn tentacle (Abyss:5)
190 creatures vanquished.

Vanquished Creatures (others)
  An eldritch tentacle (Tar:7)
  A black draconian (Zig:7)
  A blizzard demon (Coc:7)
  A naga sharpshooter (Snake:4)
  A sixfirhy (Pan)
  A hell knight (Hell)
  A glowing orange brain (Pan)
  A smoke demon (Pan)
  A rust devil (Zig:6)
  A fire bat (Pan)
  A naga (Snake:4)
  A slave (D:7)
  3 ogres
  A phantom (Geh:7)
  3 necrophages
  A gnoll (D:7)
  An adder zombie (D:7)
  11 ball lightnings (Pan)
  A leopard gecko (D:7)
  4 orcs (D:7)
  2 blocks of ice (Pan)
  A fire vortex (Pan)
  A fungus (Lair:5)
  16 plants
  4 starspawn tentacles
61 creatures vanquished.

Grand Total: 3068 creatures vanquished

Notes
Turn   | Place    | Note
-------+----------+-------------------------------------------
     0 | D:1      | PIKKUHERKKO the Hill Orc Monk began the quest for the Orb.
     0 | D:1      | Reached XP level 1. HP: 19/19 MP: 1/1
   181 | D:1      | Reached XP level 2. HP: 8/26 MP: 2/2
   282 | D:1      | Reached skill level 5 in Axes
   445 | D:1      | Reached XP level 3. HP: 13/31 MP: 3/3
   633 | D:2      | Found a sacrificial altar of Ru.
   703 | D:2      | Noticed Natasha
   778 | D:4      | Noticed Edmund
   870 | D:4      | Found a staircase to the Ecumenical Temple.
   879 | Temple   | Entered the Ecumenical Temple
   900 | Temple   | Became a worshipper of the Shining One
   900 | Temple   | Reached * piety under the Shining One
   900 | Temple   | Reached ** piety under the Shining One
   987 | D:4      | Reached XP level 4. HP: 22/39 MP: 4/4
  1023 | D:5      | Entered Level 5 of the Dungeon
  1039 | D:5      | Reached skill level 1 in Invocations
  1039 | D:5      | Reached XP level 5. HP: 24/45 MP: 1/5
  1160 | D:4      | Noticed Dowan
  1166 | D:4      | Noticed Duvessa
  1306 | D:5      | Noticed an orc warrior
  1307 | D:5      | Noticed an ogre
  1385 | D:6      | Noticed an ogre
  1437 | D:7      | Noticed Pikel
  1437 | D:7      | Noticed a slave
  1438 | D:7      | Noticed a slave
  1440 | D:7      | Noticed a slave
  1442 | D:7      | Noticed a phantom
  1445 | D:7      | Noticed a slave
  1476 | D:7      | Killed Pikel
  1476 | D:7      | Reached XP level 6. HP: 40/51 MP: 7/12
  1476 | D:7      | Reached XP level 7. HP: 45/57 MP: 7/13
  1529 | D:7      | Found a runed translucent gate.
  1529 | D:7      | Found a runed translucent gate.
  1538 | D:7      | Found a runed translucent gate.
  1538 | D:7      | Noticed wolgwang's ghost (amateur DsVM)
  1614 | D:7      | Reached skill level 4 in Fighting
  1630 | D:7      | Found a shadowy altar of Dithmenos.
  1643 | D:7      | Reached XP level 8. HP: 67/67 MP: 10/14
  1690 | D:7      | Reached skill level 5 in Fighting
  1808 | D:7      | Noticed an unseen horror
  1932 | D:6      | Reached *** piety under the Shining One
  2002 | D:8      | Found Diahud's Armour Boutique.
  2019 | D:8      | Reached skill level 6 in Fighting
  2020 | D:8      | Noticed a hippogriff
  2035 | D:8      | Found an ornate altar of the Wu Jian Council.
  2218 | D:8      | Noticed a two-headed ogre
  2238 | D:9      | Reached skill level 7 in Fighting
  2343 | D:8      | Reached skill level 10 in Axes
  2347 | D:8      | Reached XP level 9. HP: 78/79 MP: 15/15
  2439 | D:6      | Found an opulent altar of Gozag.
  2573 | D:8      | Noticed a death yak
  2574 | D:8      | Noticed an unseen horror
  2582 | D:8      | Found a blossoming altar of Fedhas.
  2734 | D:9      | Reached XP level 10. HP: 43/86 MP: 9/16
  2814 | D:9      | Noticed a manticore
  2814 | D:9      | a yaktaur changed into a manticore
  2821 | D:9      | Killed a manticore
  2964 | D:9      | Found a hide-covered altar of Uskayaw.
  3153 | D:10     | Entered Level 10 of the Dungeon
  3162 | D:10     | Reached **** piety under the Shining One
  3232 | D:10     | Reached skill level 15 in Axes
  3576 | D:11     | Reached XP level 11. HP: 68/92 MP: 13/17
  3996 | D:8      | Killed an unseen horror
  4015 | D:7      | Killed an unseen horror
  4178 | D:7      | Killed wolgwang's ghost
  4284 | D:8      | Found a staircase to the Lair.
  4310 | D:8      | Killed a two-headed ogre
  4359 | D:9      | Found a staircase to the Orcish Mines.
  4404 | D:9      | Noticed a manticore
  4410 | D:9      | Killed a manticore
  4471 | Orc:1    | Entered Level 1 of the Orcish Mines
  4473 | Orc:1    | Reached ***** piety under the Shining One
  4516 | Orc:1    | Reached skill level 1 in Armour
  4667 | Orc:2    | Entered Level 2 of the Orcish Mines
  4684 | Orc:2    | Reached skill level 8 in Fighting
  4760 | Orc:1    | Noticed an ettin
  4869 | Orc:2    | Noticed an orc warlord
  4872 | Orc:2    | Noticed an orc knight
  4919 | Orc:2    | Killed an orc warlord
  4919 | Orc:2    | Reached skill level 10 in Invocations
  4919 | Orc:2    | Reached XP level 12. HP: 45/102 MP: 7/19
  4989 | Orc:2    | Noticed an orc high priest
  4997 | Orc:2    | Killed an orc high priest
  5004 | Orc:2    | Found Ibatt's Antique Weapon Shoppe.
  5005 | Orc:2    | Found a roughly hewn altar of Beogh.
  5006 | Orc:2    | Found Urcheley's Antique Armour Emporium.
  5170 | Orc:2    | Found a roughly hewn altar of Beogh.
  5203 | Orc:2    | Found a roughly hewn altar of Beogh.
  5256 | Orc:2    | Found a roughly hewn altar of Beogh.
  5385 | Orc:2    | Found Neinep's Antique Weapon Emporium.
  5413 | Orc:2    | Found a roughly hewn altar of Beogh.
  5429 | Orc:2    | Found a roughly hewn altar of Beogh.
  5481 | Orc:2    | Found a roughly hewn altar of Beogh.
  5550 | Orc:2    | Found a roughly hewn altar of Beogh.
  5591 | Orc:2    | Found a staircase to the Elven Halls.
  5633 | Orc:2    | Found a roughly hewn altar of Beogh.
  5636 | Orc:2    | Noticed an orc high priest
  5644 | Orc:2    | Killed an orc high priest
  5646 | Orc:2    | Found Arewayp's Magic Scroll Shoppe.
  5654 | Orc:2    | Bought a scroll of acquirement for 728 gold pieces
  5727 | Orc:1    | Killed an ettin
  5773 | Orc:1    | Reached skill level 9 in Fighting
  5850 | Orc:2    | Bought an ancient cloak for 275 gold pieces
  5860 | Orc:2    | Identified the +0 cloak of Woloy {Int+5 Dex+4} (You bought
                  | it in a shop on level 2 of the Orcish Mines)
  6014 | Lair:1   | Entered Level 1 of the Lair of Beasts
  6038 | Lair:1   | Reached skill level 5 in Armour
  6275 | Lair:2   | Found a frozen archway.
  6281 | Lair:2   | Reached skill level 10 in Fighting
  6309 | IceCv    | Entered an ice cave
  6322 | IceCv    | Found a transporter.
  6409 | IceCv    | Reached XP level 13. HP: 112/114 MP: 10/22
  6412 | IceCv    | Found a transporter.
  6494 | Lair:2   | Reached skill level 11 in Fighting
  6529 | Lair:3   | Found a staircase to the Snake Pit.
  6747 | Lair:5   | Found a runed translucent door.
  6747 | Lair:5   | Noticed Nebesus's ghost (journeyman DrFi)
  6774 | Lair:5   | Killed Nebesus's ghost
  6912 | Lair:4   | Found a staircase to the Shoals.
  6917 | Lair:4   | Reached skill level 12 in Fighting
  7041 | Lair:6   | Entered Level 6 of the Lair of Beasts
  7128 | Lair:6   | Found a staircase to the Slime Pits.
  7328 | Lair:6   | Reached skill level 13 in Fighting
  7484 | Lair:6   | Reached XP level 14. HP: 93/129 MP: 16/23
  7657 | Lair:6   | Reached skill level 5 in Dodging
  7910 | Lair:6   | Reached skill level 14 in Fighting
  8004 | Lair:6   | Noticed a dire elephant
  8018 | Lair:6   | Killed a dire elephant
  8297 | Lair:4   | Got an ichor-stained war axe
  8303 | Lair:4   | Identified the +6 war axe of Objectivity {antimagic, rPois
                  | rN+ Str+2} (You found it on level 4 of the Lair of Beasts)
  8393 | Lair:3   | Reached skill level 1 in Evocations
  8559 | Snake:1  | Entered Level 1 of the Snake Pit
  8568 | Snake:1  | Reached skill level 1 in Shields
  8768 | Snake:3  | Noticed a nagaraja
  8775 | Snake:3  | Killed a nagaraja
  8775 | Snake:3  | Reached skill level 5 in Shields
  8868 | Snake:3  | Noticed a nagaraja
  8877 | Snake:3  | Killed a nagaraja
  8922 | Snake:3  | Reached XP level 15. HP: 76/138 MP: 8/24
  9105 | Snake:3  | Got an encrusted ring mail
  9106 | Snake:3  | Identified the +0 ring mail "Hyhell" {rCorr} (You found it
                  | on level 3 of the Snake Pit)
  9291 | Snake:4  | Entered Level 4 of the Snake Pit
  9396 | Snake:4  | Reached skill level 10 in Shields
  9506 | Snake:3  | Noticed Donald
  9637 | Snake:3  | Noticed a nagaraja
  9637 | Snake:3  | Reached ****** piety under the Shining One
  9651 | Snake:3  | Killed a nagaraja
  9801 | Snake:2  | Found an ancient bone altar of Kikubaaqudgha.
  9865 | Snake:2  | Reached skill level 5 in Evocations
 10100 | Snake:4  | Got an opal-studded chain mail
 10122 | Snake:3  | Identified the +3 chain mail of Loss {SInv} (You found it
                  | on level 4 of the Snake Pit)
 10547 | Snake:3  | Noticed a nagaraja
 10554 | Snake:3  | Killed a nagaraja
 10640 | Snake:4  | Noticed a nagaraja
 10874 | Snake:4  | Killed a nagaraja
 10874 | Snake:4  | Reached XP level 16. HP: 113/147 MP: 5/25
 10970 | Snake:4  | Reached skill level 15 in Fighting
 11002 | Snake:4  | Noticed a nagaraja
 11025 | Snake:4  | Killed a nagaraja
 11035 | Snake:4  | Noticed a nagaraja
 11051 | Snake:4  | Killed a nagaraja
 11265 | Snake:3  | Reached skill level 10 in Armour
 11281 | Snake:3  | Killed Donald
 11385 | Snake:4  | Noticed a nagaraja
 11386 | Snake:4  | Noticed a nagaraja
 11676 | Snake:4  | Killed a nagaraja
 11700 | Snake:4  | Killed a nagaraja
 11700 | Snake:4  | Reached skill level 16 in Fighting
 11975 | Snake:4  | Noticed a nagaraja
 12007 | Snake:4  | Killed a nagaraja
 12087 | Snake:4  | Got a serpentine rune of Zot
 12538 | Lair:4   | Reached skill level 17 in Fighting
 12543 | Lair:4   | Reached XP level 17. HP: 118/161 MP: 10/26
 12604 | Shoals:1 | Entered Level 1 of the Shoals
 13174 | Shoals:3 | Got a faintly glowing amber ring
 13175 | Shoals:3 | Identified the ring "Ireum" {rF+ Dex-5 Slay+5 SInv} (You
                  | found it on level 3 of the Shoals)
 13227 | Shoals:4 | Entered Level 4 of the Shoals
 13266 | Shoals:4 | Got a warped chain mail
 13342 | Shoals:4 | Reached skill level 18 in Fighting
 13434 | Shoals:3 | Identified the +11 chain mail "Agyvoruq" {Regen+ Int+9
                  | Dex-4} (You found it on level 4 of the Shoals)
 13451 | Shoals:4 | Found Tiuzxooh's Armour Shop.
 13850 | Shoals:4 | Found Coikh's General Store.
 13865 | Shoals:4 | Bought a potion of might for 60 gold pieces
 13955 | Shoals:4 | Got a barnacled rune of Zot
 13996 | Shoals:4 | Found Bedourgh's Armour Emporium.
 14001 | Shoals:4 | Found a runed translucent gate.
 14004 | Shoals:4 | Bought a +2 pair of gloves of strength for 279 gold pieces
 14055 | Shoals:4 | Found a runed translucent gate.
 14076 | Shoals:4 | Found a runed translucent gate.
 14077 | Shoals:4 | Noticed laxxamousse2's ghost (adept TrTm)
 14078 | Shoals:4 | Noticed droganthewolf's ghost (adept GrFi)
 14078 | Shoals:4 | Noticed xight's ghost (adept DEFE)
 14111 | Shoals:4 | Killed droganthewolf's ghost
 14130 | Shoals:4 | Killed xight's ghost
 14135 | Shoals:4 | Killed laxxamousse2's ghost
 14147 | Shoals:4 | Got a transparent chain mail
 14161 | Shoals:4 | Identified the cursed +0 chain mail "Quule" {SInv} (You
                  | found it on level 4 of the Shoals)
 14217 | Shoals:4 | Bought a +3 plate armour of poison resistance for 546 gold
                  | pieces
 14399 | Slime:1  | Entered Level 1 of the Pits of Slime
 14399 | Slime:1  | Noticed an acid blob
 14408 | Slime:1  | Killed an acid blob
 14459 | Slime:1  | Noticed an acid blob
 14473 | Slime:1  | Killed an acid blob
 14473 | Slime:1  | Reached XP level 18. HP: 125/174 MP: 18/27
 14531 | Slime:2  | Reached skill level 19 in Fighting
 14635 | Slime:2  | Reached skill level 15 in Armour
 14827 | Slime:5  | Entered Level 5 of the Pits of Slime
 15061 | Slime:5  | Found a viscous altar of Jiyva.
 15061 | Slime:5  | Noticed the Royal Jelly
 15088 | Slime:5  | Reached skill level 20 in Fighting
 15094 | Slime:5  | Killed the Royal Jelly
 15138 | Slime:5  | Identified the Volume of the Blaze and Calling
 15141 | Slime:5  | Identified the Grimoire of the Immovable Scars
 15173 | Slime:5  | Found the ring of Shadows {Umbra +Inv Stlth+}
 15212 | Slime:5  | Got a slimy rune of Zot
 15694 | D:13     | Noticed Rupert
 15701 | D:13     | Paralysed by Rupert for 4 turns
 15710 | D:13     | Killed Rupert
 15710 | D:13     | Reached XP level 19. HP: 186/187 MP: 25/28
 15713 | D:13     | Found a gate leading to a gauntlet.
 15732 | Gauntlet | Entered a Gauntlet
 15732 | Gauntlet | Found a transporter.
 15732 | Gauntlet | Found a transporter.
 15732 | Gauntlet | Found a runed translucent door.
 15732 | Gauntlet | Found a runed translucent door.
 15734 | Gauntlet | Found a transporter.
 15751 | Gauntlet | Found a transporter.
 15752 | Gauntlet | Found a transporter.
 15760 | Gauntlet | Found a transporter.
 15764 | Gauntlet | Found a transporter.
 15771 | Gauntlet | Found a runed translucent door.
 15774 | Gauntlet | Found a transporter.
 15788 | Gauntlet | Found a transporter.
 15802 | Gauntlet | Found a transporter.
 15806 | Gauntlet | Found a transporter.
 15814 | Gauntlet | Found a transporter.
 15853 | Gauntlet | Got a twitching copper amulet
 15854 | Gauntlet | Identified the amulet "Kagyxuez" {Acrobat +Blink} (You
                  | found it in a Gauntlet)
 15892 | Gauntlet | Got a pair of ichor-stained gloves
 15903 | Gauntlet | Identified the +2 pair of gloves "Nioco" {rC- MR+ Dex+4
                  | Stlth+} (You found it in a Gauntlet)
 15923 | Gauntlet | Identified the +3 fire dragon scales of the Barnacle
                  | {*Corrode rElec rF++ rC- Regen+ Str+6}
 15949 | Gauntlet | Got an ancient steel ring
 15951 | Gauntlet | Identified the ring of Utiubitsi {+Blink rF+ Str+3 Dex+3
                  | Slay+3} (You found it in a Gauntlet)
 16014 | D:14     | Noticed Nessos
 16020 | D:14     | Killed Nessos
 16047 | D:14     | Learned a level 1 spell: Apportation
 16062 | D:15     | Entered Level 15 of the Dungeon
 16332 | D:14     | Found a flagged portal.
 16338 | Bailey   | Entered a bailey
 16549 | D:14     | Found a gate to the Vaults.
 16553 | D:14     | Reached skill level 21 in Fighting
 16567 | Vaults:1 | Entered Level 1 of the Vaults
 17110 | Vaults:3 | Paralysed by an ogre mage for 7 turns
 17296 | Vaults:4 | Noticed a lich
 17303 | Vaults:4 | Killed a lich
 17303 | Vaults:4 | Reached XP level 20. HP: 198/198 MP: 29/29
 17305 | Vaults:4 | Found a ruined gateway.
 17321 | Desolati | Entered the Desolation of Salt
 17603 | Desolati | Got a brightly glowing turquoise ring
 17616 | Desolati | Got a coiled golden ring
 17619 | Desolati | Identified the Reference Book on Bewitching Protection
 17628 | Desolati | Identified the Handbook of Warped Self-Knowledge
 17637 | Desolati | Identified the ring "Sokapp" {EV+1 Str+3} (You found it in
                  | the Desolation of Salt)
 17640 | Desolati | Identified the cursed ring "Zuiprat" {*Corrode AC-3 Str-2
                  | Int+4 Dex+8} (You found it in the Desolation of Salt)
 17714 | Desolati | Got a scorched steel amulet
 17786 | Desolati | Identified the Catalogue of Illusion and Weightlessness
 17788 | Desolati | Identified the Almanac of Aid
 17844 | Desolati | Identified Sif Muna's Collected Works on Excruciating
                  | Poisoning
 17992 | Vaults:4 | Identified the amulet of Mistrust {Inacc Dex+6} (You found
                  | it in the Desolation of Salt)
 18054 | Vaults:5 | Entered Level 5 of the Vaults
 18199 | Vaults:4 | Found Xacoz's Armour Emporium.
 18328 | Vaults:4 | Reached XP level 21. HP: 183/204 MP: 24/30
 18447 | Vaults:5 | Identified the ring "Xemoif" {rF+ Dex+3}
 18452 | Vaults:5 | Identified the ring of Jokugan {+Fly rF+ Stlth+}
 18505 | Vaults:5 | Noticed a golden dragon
 18546 | Vaults:5 | Killed a golden dragon
 18608 | Vaults:5 | Noticed Saint Roka
 18615 | Vaults:5 | Identified the ring of Ynirryq {rF+ MR+ Str-5 Int+3 Dex+2}
 18617 | Vaults:5 | Noticed a golden dragon
 18618 | Vaults:5 | Killed Saint Roka
 18629 | Vaults:5 | Killed a golden dragon
 18818 | Vaults:5 | Identified Sif Muna's Tome of the Supportive Arsonist
 19167 | Vaults:5 | Reached skill level 15 in Invocations
 19178 | Vaults:5 | Paralysed by a sphinx for 3 turns
 19183 | Vaults:5 | Reached XP level 22. HP: 72/213 MP: 4/33
 19405 | Vaults:5 | Got a silver rune of Zot
 19511 | Vaults:5 | Got a wavering diamond amulet
 19512 | Vaults:5 | Identified the amulet of Qagajyti {Faith rN+ Int+3 Stlth+}
                  | (You found it on level 5 of the Vaults)
 19897 | Vaults:2 | Found a staircase to the Crypt.
 19897 | Vaults:2 | Found an ancient bone altar of Kikubaaqudgha.
 19898 | Vaults:2 | Found a basalt altar of Yredelemnul.
 19910 | Crypt:1  | Entered Level 1 of the Crypt
 20080 | Crypt:1  | Found a radiant altar of Vehumet.
 20084 | Crypt:1  | Found a transporter.
 20094 | Crypt:1  | Noticed an ancient lich
 20207 | Crypt:2  | Identified a +8 executioner's axe of holy wrath (a +6
                  | executioner's axe of freezing blessed by the Shining One)
 20207 | Crypt:2  | Received a gift from the Shining One
 20219 | Crypt:3  | Entered Level 3 of the Crypt
 20578 | Crypt:3  | Reached XP level 23. HP: 220/220 MP: 36/36
 20621 | Crypt:3  | Got a sparkling bronze amulet
 20655 | Crypt:3  | Identified Zearikle's Disquisition on Attacks
 20665 | Crypt:3  | Identified the amulet of Day {Regen+ Int+4 Dex+6 Stlth-}
                  | (You found it on level 3 of the Crypt)
 20936 | Crypt:3  | Found a staircase to the Tomb.
 20941 | Tomb:1   | Entered Level 1 of the Tomb of the Ancients
 21008 | Tomb:1   | Paralysed by a sphinx for 4 turns
 21020 | Tomb:1   | Noticed Khufu
 21026 | Tomb:1   | Killed Khufu
 21026 | Tomb:1   | Reached skill level 22 in Fighting
 21184 | Tomb:1   | Noticed a greater mummy
 21202 | Tomb:1   | Killed a greater mummy
 21285 | Tomb:2   | Noticed an ancient lich
 21298 | Tomb:2   | Noticed a greater mummy
 21305 | Tomb:2   | Killed a greater mummy
 21310 | Tomb:2   | Killed an ancient lich
 21445 | Tomb:2   | Noticed a greater mummy
 21445 | Tomb:2   | Noticed a greater mummy
 21460 | Tomb:2   | Killed a greater mummy
 21467 | Tomb:2   | Killed a greater mummy
 21557 | Tomb:2   | Noticed an ancient lich
 21564 | Tomb:2   | Cast into level 5 of the Abyss (an ancient lich)
 21564 | Abyss:5  | Entered Level 5 of the Abyss
 21576 | Abyss:5  | Reached skill level 10 in Dodging
 21576 | Abyss:5  | Reached XP level 24. HP: 222/222 MP: 36/36
 21649 | Abyss:5  | Gained mutation: Your spells are a little easier to cast,
                  | but a little less powerful. [a neqoxec]
 21652 | Abyss:5  | Gained mutation: Armour fits poorly on your strangely
                  | shaped body. [a neqoxec]
 21657 | Abyss:5  | Reached skill level 1 in Translocations
 21657 | Abyss:5  | Gained mutation: Your body sometimes deteriorates upon
                  | taking damage. [a neqoxec]
 21701 | Abyss:5  | Got an abyssal rune of Zot
 21731 | Tomb:2   | Escaped the Abyss
 21734 | Tomb:2   | Killed an ancient lich
 21895 | Tomb:1   | Noticed a greater mummy
 21898 | Tomb:1   | Noticed a greater mummy
 21900 | Tomb:1   | Killed a greater mummy
 21900 | Tomb:1   | Reached skill level 5 in Translocations
 21908 | Tomb:1   | Noticed a greater mummy
 21911 | Tomb:1   | Noticed a greater mummy
 21914 | Tomb:1   | Killed a greater mummy
 22067 | Tomb:1   | Killed a greater mummy
 22071 | Tomb:1   | Killed a greater mummy
 22115 | Tomb:1   | Lost mutation: Your body sometimes deteriorates upon taking
                  | damage. [potion of mutation]
 22115 | Tomb:1   | Lost mutation: Armour fits poorly on your strangely shaped
                  | body. [potion of mutation]
 22115 | Tomb:1   | Lost mutation: Your spells are a little easier to cast, but
                  | a little less powerful. [potion of mutation]
 22115 | Tomb:1   | Gained mutation: You have an increased reservoir of magic.
                  | (+10% MP) [potion of mutation]
 22115 | Tomb:1   | Gained mutation: You have large cloven feet. [potion of
                  | mutation]
 22123 | Tomb:1   | Noticed a greater mummy
 22126 | Tomb:1   | Noticed a greater mummy
 22131 | Tomb:1   | Killed a greater mummy
 22142 | Tomb:1   | Killed a greater mummy
 22144 | Tomb:1   | Noticed a greater mummy
 22218 | Tomb:1   | Killed a greater mummy
 22273 | Tomb:1   | Noticed a greater mummy
 22283 | Tomb:1   | Killed a greater mummy
 22389 | Tomb:1   | Noticed a greater mummy
 22396 | Tomb:1   | Killed a greater mummy
 22404 | Tomb:1   | Noticed a greater mummy
 22420 | Tomb:1   | Killed a greater mummy
 22639 | Tomb:3   | Entered Level 3 of the Tomb of the Ancients
 22682 | Tomb:3   | Got a faintly humming plate armour
 22705 | Tomb:3   | Reached XP level 25. HP: 104/223 MP: 12/40
 22711 | Tomb:3   | Noticed a greater mummy
 22723 | Tomb:3   | Killed a greater mummy
 22723 | Tomb:3   | Noticed a greater mummy
 22728 | Tomb:3   | Killed a greater mummy
 22741 | Zig:1    | Entered Level 1 of a ziggurat
 22907 | Zig:2    | Entered Level 2 of a ziggurat
 22921 | Zig:2    | Identified Caveudd's Tome of Curses
 22926 | Zig:3    | Entered Level 3 of a ziggurat
 22950 | Zig:4    | Entered Level 4 of a ziggurat
 22973 | Zig:4    | Got a pair of steaming boots
 22984 | Zig:4    | Identified the +1 pair of boots of Dishonesty {*Drain MR+
                  | Stlth+} (You acquired it on level 4 of a ziggurat)
 22988 | Zig:5    | Entered Level 5 of a ziggurat
 23033 | Zig:6    | Entered Level 6 of a ziggurat
 23088 | Zig:6    | Identified the +3 plate armour "Kunnic" {-Cast rPois rF+}
                  | (You found it on level 3 of the Tomb of the Ancients)
 23091 | Zig:6    | Identified the Incunabulum of Necromancy
 23096 | Zig:7    | Entered Level 7 of a ziggurat
 23122 | Zig:7    | Got a pair of transparent gloves
 23144 | Zig:7    | Identified the +1 pair of gloves of Inquiry {rPois Str-2
                  | Dex+5} (You found it on level 7 of a ziggurat)
 23169 | Zig:7    | Reached XP level 26. HP: 166/238 MP: 34/41
 23226 | Tomb:3   | Noticed a greater mummy
 23242 | Tomb:3   | Killed a greater mummy
 23250 | Tomb:3   | Noticed a greater mummy
 23277 | Tomb:3   | Killed a greater mummy
 23293 | Tomb:3   | Noticed a greater mummy
 23296 | Tomb:3   | Killed a greater mummy
 23296 | Tomb:3   | Reached skill level 10 in Translocations
 23321 | Tomb:3   | Noticed a greater mummy
 23329 | Tomb:3   | Noticed a greater mummy
 23334 | Tomb:3   | Killed a greater mummy
 23337 | Tomb:3   | Noticed a greater mummy
 23343 | Tomb:3   | Killed a greater mummy
 23544 | Tomb:3   | Got a warped steel ring
 23642 | Tomb:3   | Killed a greater mummy
 23654 | Tomb:3   | Noticed a greater mummy
 23843 | Tomb:3   | Learned a level 2 spell: Blink
 23847 | Tomb:3   | Identified the Compendium of Hurtful Hexes
 23913 | Tomb:3   | Got a golden rune of Zot
 24089 | Crypt:3  | Identified the ring of Cotawkoish {AC+3 Slay+5} (You found
                  | it on level 3 of the Tomb of the Ancients)
 24469 | D:15     | Found a staircase to the Depths.
 24475 | Depths:1 | Entered Level 1 of the Depths
 24605 | Depths:2 | Found a gateway to Hell.
 24661 | Depths:3 | Reached skill level 1 in Spellcasting
 24703 | Depths:3 | Paralysed by a floating eye for 2 turns
 24720 | Depths:2 | Found a one-way gate to the infinite horrors of the Abyss.
 24764 | Depths:3 | Reached XP level 27. HP: 131/250 MP: 28/41
 24774 | Depths:3 | Found a one-way gate leading to the halls of Pandemonium.
 24794 | Pan      | Entered Pandemonium
 24827 | Pan      | Gained mutation: You are weak. (Str -2) [a neqoxec]
 24830 | Pan      | Lost mutation: You have an increased reservoir of magic.
                  | (+10% MP) [a neqoxec]
 24845 | Pan      | Noticed Duosoh the pandemonium lord
 24858 | Pan      | Killed Duosoh the pandemonium lord
 24858 | Pan      | Reached skill level 5 in Spellcasting
 24988 | Pan      | Found the +2 pair of boots of the Assassin {Detection Stab+
                  | Stlth++}
 25079 | Pan      | Noticed Heavacs the pandemonium lord
 25091 | Pan      | Killed Heavacs the pandemonium lord
 25100 | Pan      | Got a demonic rune of Zot
 25118 | Pan      | Identified a +0 pair of boots of running (You acquired it
                  | in Pandemonium)
 25721 | Pan      | Entered the realm of Gloorx Vloq.
 25929 | Pan      | Noticed Gloorx Vloq
 25943 | Pan      | Killed Gloorx Vloq
 25996 | Pan      | Got a dark rune of Zot
 26146 | Pan      | Noticed Umif the pandemonium lord
 26170 | Pan      | Killed Umif the pandemonium lord
 26235 | Pan      | Reached skill level 15 in Dodging
 26243 | Pan      | Noticed Fasyinaida the pandemonium lord
 26251 | Pan      | Killed Fasyinaida the pandemonium lord
 26283 | Pan      | Found an exit through the horrors of the Abyss.
 26610 | Pan      | Entered the realm of Mnoleg.
 26686 | Pan      | Gained mutation: You are very weak. (Str -4) [a neqoxec]
 26712 | Pan      | Lost mutation: You have large cloven feet. [a cacodemon]
 26866 | Pan      | Gained mutation: You do not regenerate when monsters are
                  | visible. [a neqoxec]
 26870 | Pan      | Gained mutation: You are frail. (-10% HP) [a neqoxec]
 26918 | Pan      | Noticed Mnoleg
 26918 | Pan      | Gained mutation: Armour fits poorly on your strangely
                  | shaped body. [a shining eye]
 26919 | Pan      | Paralysed by a floating eye for 4 turns
 26941 | Pan      | Killed Mnoleg
 26984 | Pan      | Got a glowing rune of Zot
 27183 | Pan      | Noticed Asison the pandemonium lord
 27196 | Pan      | Killed Asison the pandemonium lord
 27213 | Pan      | Entered the realm of Lom Lobon.
 27287 | Pan      | Lost mutation: You are frail. (-10% HP) [potion of
                  | mutation]
 27287 | Pan      | Lost mutation: You are very weak. (Str -4) [potion of
                  | mutation]
 27287 | Pan      | Lost mutation: Armour fits poorly on your strangely shaped
                  | body. [potion of mutation]
 27287 | Pan      | Gained mutation: Your spells are a little easier to cast,
                  | but a little less powerful. [potion of mutation]
 27287 | Pan      | Gained mutation: You have a pair of small antennae on your
                  | head. [potion of mutation]
 27287 | Pan      | Lost mutation: Your spells are a little easier to cast, but
                  | a little less powerful. [potion of mutation]
 27294 | Pan      | Paralysed by a lich for 6 turns
 27516 | Pan      | Noticed Lom Lobon
 27531 | Pan      | Got a magical rune of Zot
 27621 | Pan      | Entered the realm of Cerebov.
 27793 | Pan      | Identified the +6 sword of Cerebov {flame}
 27793 | Pan      | Noticed Cerebov
 27809 | Pan      | Identified the cursed +0 large shield "Hegudeh" {rF+++ rC++
                  | Slay+3}
 27822 | Pan      | Killed Cerebov
 27870 | Pan      | Got a fiery rune of Zot
 27948 | Pan      | Noticed Atiutoh the pandemonium lord
 27956 | Pan      | Killed Atiutoh the pandemonium lord
 27960 | Pan      | Reached skill level 10 in Evocations
 28034 | Pan      | Reached skill level 23 in Fighting
 28103 | Pan      | Noticed Fuahara the pandemonium lord
 28105 | Pan      | Found an exit through the horrors of the Abyss.
 28113 | Pan      | Took an exit into the Abyss.
 28113 | Abyss:1  | Escaped into the Abyss
 28245 | Depths:3 | Escaped the Abyss
 28359 | Hell     | Entered the Vestibule of Hell
 28359 | Hell     | Noticed Geryon
 28387 | Hell     | Killed Geryon
 28466 | Hell     | Found a gateway to the decaying netherworld of Tartarus.
 28490 | Tar:1    | Entered Level 1 of Tartarus
 28490 | Tar:1    | Found a gateway to Hell.
 28547 | Tar:3    | Found a gateway to Hell.
 28608 | Tar:3    | Reached skill level 24 in Fighting
 28679 | Tar:3    | Found a gateway to Hell.
 28691 | Tar:4    | Found a gateway to Hell.
 28708 | Tar:5    | Found a gateway to Hell.
 28778 | Tar:6    | Found a gateway to Hell.
 28782 | Tar:7    | Entered Level 7 of Tartarus
 28782 | Tar:7    | Found a gateway to Hell.
 28833 | Tar:7    | Noticed an ancient lich
 28838 | Tar:7    | Killed an ancient lich
 28942 | Tar:7    | Noticed Ereshkigal
 28948 | Tar:7    | Identified the +6 large shield of Sinwopixun {+Inv rElec
                  | Int-2 Slay+5}
 28962 | Tar:7    | Killed Ereshkigal
 28989 | Tar:7    | Got a bone rune of Zot
 29055 | Tar:7    | Found a gateway to Hell.
 29085 | Hell     | Found a gateway to the ashen valley of Gehenna.
 29136 | Geh:1    | Entered Level 1 of Gehenna
 29136 | Geh:1    | Found a gateway to Hell.
 29229 | Geh:2    | Found a gateway to Hell.
 29259 | Geh:3    | Found a gateway to Hell.
 29268 | Geh:4    | Found a gateway to Hell.
 29357 | Geh:5    | Found a gateway to Hell.
 29407 | Geh:6    | Found a gateway to Hell.
 29413 | Geh:7    | Entered Level 7 of Gehenna
 29413 | Geh:7    | Found a gateway to Hell.
 29413 | Geh:7    | Found a gateway to Hell.
 29413 | Geh:7    | Found a gateway to Hell.
 29516 | Geh:7    | Reached skill level 25 in Fighting
 29664 | Geh:7    | Identified the +7 sceptre of Asmodeus
 29664 | Geh:7    | Noticed Asmodeus
 29676 | Geh:7    | Killed Asmodeus
 29689 | Geh:7    | Got an obsidian rune of Zot
 29849 | Hell     | Found a gateway to the Iron City of Dis.
 29858 | Dis:1    | Entered Level 1 of the Iron City of Dis
 29858 | Dis:1    | Found a gateway to Hell.
 30197 | Dis:2    | Found a gateway to Hell.
 30245 | Dis:2    | Found a gateway to Hell.
 30283 | Dis:3    | Found a gateway to Hell.
 30307 | Dis:3    | Found a gateway to Hell.
 30375 | Dis:4    | Found a gateway to Hell.
 30377 | Dis:4    | You fall into a shaft and drop 1 floor!
 30384 | Dis:6    | Found a gateway to Hell.
 30454 | Dis:6    | Found a gateway to Hell.
 30508 | Dis:6    | You fall into a shaft and drop 1 floor!
 30508 | Dis:7    | Entered Level 7 of the Iron City of Dis
 30602 | Dis:7    | Reached skill level 26 in Fighting
 30877 | Dis:7    | Identified the +4 staff of Dispater
 30877 | Dis:7    | Noticed Dispater
 30889 | Dis:7    | Killed Dispater
 30889 | Dis:7    | Identified the ring "Buihyom" {EV+3 Str+4}
 30901 | Dis:7    | Got a crude granite ring
 30903 | Dis:7    | Got a clouded bone ring
 30907 | Dis:7    | Got an iron rune of Zot
 30909 | Dis:7    | Got a heavily runed wooden ring
 30912 | Dis:7    | Identified the Grimoire of Unstable Confrontation
 30933 | Dis:7    | Identified the ring of Wu Jian's Fury {Fire rPois} (You
                  | found it on level 7 of the Iron City of Dis)
 30934 | Dis:7    | Identified the ring of the City {+Fly rElec rPois rF+ rC-}
                  | (You found it on level 7 of the Iron City of Dis)
 30935 | Dis:7    | Identified the ring of Uvoh {-Tele rElec rF+ rC+ Dex+4}
                  | (You found it on level 7 of the Iron City of Dis)
 31074 | Dis:7    | Found a gateway to Hell.
 31076 | Dis:7    | Found a gateway to Hell.
 31122 | Hell     | Found a gateway to the freezing wastes of Cocytus.
 31131 | Coc:1    | Entered Level 1 of Cocytus
 31131 | Coc:1    | Found a gateway to Hell.
 31148 | Coc:2    | Found a gateway to Hell.
 31150 | Coc:2    | Found a gateway to Hell.
 31277 | Coc:3    | Found a gateway to Hell.
 31284 | Coc:4    | Found a gateway to Hell.
 31289 | Coc:5    | Found a gateway to Hell.
 31386 | Coc:7    | Entered Level 7 of Cocytus
 31386 | Coc:7    | Found a gateway to Hell.
 31386 | Coc:7    | Found a gateway to Hell.
 31386 | Coc:7    | Found a gateway to Hell.
 31710 | Coc:7    | Noticed Antaeus
 31715 | Coc:7    | Identified the +2 large shield of Kleptomania {+Inv rF+
                  | Int+3 Stlth+}
 31730 | Coc:7    | HP: 9/271 [Antaeus/flash freeze (48)]
 31859 | Coc:7    | Reached skill level 27 in Fighting
 31990 | Coc:7    | Identified the +6 long sword of Disarray {venom, rPois MR-
                  | Int+5}
 32006 | Coc:7    | Killed Antaeus
 32018 | Coc:7    | Got an icy rune of Zot
 32036 | Coc:7    | Got a pair of faintly glowing gloves
 32037 | Coc:7    | Identified the +0 pair of gloves of the Eternal Fruit
                  | {rPois Str+3 Dex+4} (You found it on level 7 of Cocytus)
 32158 | Coc:7    | HP: 1/273 [shard shrike (22)]
 32162 | Coc:7    | Killed from afar by a shard shrike

Levels and vault maps discovered:
D:1:      saegor_arrival_simple_d, layout_rooms, minmay_fountain_box
D:2:      minmay_diamond_boxcup, layout_basic, lemuel_crystal_altar,
          first_ration, minmay_cupped, uniq_natasha
D:3:      layout_basic, minmay_misc_feat_roman
D:4:      layout_basic, minmay_temple_entry_mini_moons, uniq_edmund,
          uniq_duvessa
D:5:      layout_rooms, nicolae_overflow_hidden_temple, serial_shops, shop,
          okawaru_gym_becter
D:6:      layout_loops_ring, lemuel_coloured_pillars_altar,
          nicolae_overflow_crystal_walls, corexii_item_surrounded_by_moat,
          minmay_shop_enchanted_jewellery, elyvilon_altar_5
D:7:      layout_loops_ring, marbit_many_paths, nicolae_dithmenos_the_darkroom,
          gammafunk_ghost_necromancy, uniq_pikel
D:8:      layout_loops_ring, lemuel_crystal_altar, overflow_temple_1_default,
          david_lair_generic, basic_altar, serial_shops, shop
D:9:      layout_long_grid, lemuel_round_altar, orc_0_dummy, grunt_livestock,
          minmay_three_doors
D:10:     layout_rooms, hangedman_abyss_or_decor_passed,
          chequers_serial_rivers_small_b
D:11:     layout_loops_corners, gammafunk_ghost_grave,
          minmay_misc_feat_secret_circle, nicolae_benzene_ring
D:12:     layout_big_octagon, serial_shops,
          nicolae_shop_temple_entry_statues_fountains, st_stairs_11,
          fedhas_bush_and_centaur_altar
D:13:     layout_cave_pods, gauntlet_entry_generic, kennysheep_another_room,
          uniq_rupert
D:14:     layout_long_grid, david_vaults_5, enter_bailey_3, uniq_nessos
D:15:     hangedman_depths_entry_try_elsewhere_first, layout_loops_ring,
          hangedman_decor_push
Temple:   nicolae_temple_hex_pool
Lair:1:   layout_roguey [special_room_bee], fungi_pond_lemuel
Lair:2:   layout_small_grid, portal_ice_cave_entry_pillars_1, st_stairs_13,
          serial_bayou_shore_b, infiniplex_staircase_pool, lemuel_fruit_fields,
          grunt_megastairs_3
Lair:3:   layout_misc_corridors, guppyfry_snake_entry_island
Lair:4:   layout_roguey, minmay_shoals_entry_beasts, special_room
          [special_room_mythical_zoo], beast_lair_carwin_9
Lair:5:   lemuel_reptile_caves, layout_cave_pods, ebering_ghost_inner_flame,
          grunt_megastairs_4
Lair:6:   guppyfry_lair_end_dragon, layout_cave_pods,
          hangedman_lair_caniforms_friends, minmay_slime_entry_pillars
Shoals:1: layout_shoals
Shoals:2: layout_shoals, uniq_louise, uniq_polyphemus
Shoals:3: layout_shoals, hangedman_shoal_volcano
Shoals:4: shoals_end_hangedman, layout_shoals, gammafunk_ghost_cemetery,
          serial_shops, shop, shop, nicolae_shop_trees,
          nicolae_shoals_water_shrine
Snake:1:  layout_cave_shapes, serial_bayou_shore_a, serial_bayou_shore_b,
          grunt_megastairs_2
Snake:2:  layout_chambers, basic_altar, uniq_roxanne, uniq_asterion
Snake:3:  layout_basic, uniq_donald
Snake:4:  johnstein_snake_rune_scales, layout_layer_cave, basic_altar
Slime:1:  layout_caves, cheibrodos_slime_lost_civilization_4
Slime:2:  layout_caves
Slime:3:  layout_caves
Slime:4:  layout_caves
Slime:5
Orc:1:    layout_caves
Orc:2:    grunt_orc_community_town_hall, layout_caves,
          grunt_orc_community_big_house_1, grunt_orc_community_big_house_2,
          grunt_orc_community_house_2, grunt_orc_community_house_1,
          grunt_orc_community_house_2, grunt_orc_community_house_3,
          grunt_orc_community_house_3, grunt_orc_community_house_2
Vaults:1: nicolae_vaults_asterisk, vaults_dpeg_cross,
          vaults_room_stairs_pillars, vaults_room_hallway,
          nicolae_vaults_lopsided_apartments, dpeg_vaults_monster_box,
          vaults_standard_mumra_enter_the_diamond, grunt_vaults_funnel,
          v_misc_29, vaults_dpeg_hooks, v_misc_23, vaults_room_door_hall,
          layout_vaults_maze_bifur, nicolae_trove_entry_diagonal
Vaults:2: minmay_crypt_entry_necro_gods, nicolae_vaults_yaktaur_gun_rack,
          ontoclasm_vaults_shuriken, layout_vaults_chaotic_city, serial_shops,
          shop
Vaults:3: nicolae_vaults_network_quinsquares
          [nicolae_vaults_network_quincunx_subvault,
          nicolae_vaults_network_quincunx_subvault,
          nicolae_vaults_network_quincunx_subvault,
          nicolae_vaults_network_quincunx_subvault], nicolae_vaults_little_ls,
          v_misc_15, minmay_guarded_unrand_secular_launcher, vaults_room_pools,
          hangedman_vaults_impose, vaults_room_door_hall, v_rooms_1,
          ontoclasm_vaults_chip, v_misc_5, nicolae_vaults_little_squares_2,
          nicolae_vaults_little_squares_6, v_alt_pattern_6,
          nicolae_vaults_little_squares_3, layout_vaults_ring
Vaults:4: vaults_room_glass_cross, v_misc_16, ontoclasm_vaults_pinch,
          vaults_room_grid, layout_vaults_omnigrid,
          portal_desolation_entry_garden, serial_shops, shop, serial_glass
Vaults:5: uniq_saint_roka
Crypt:1:  gammafunk_sealed_library, layout_gridlike
Crypt:2:  layout_misc_corridors
Crypt:3:  due_elkab, layout_chaotic_city, nicolae_tomb_entry_grand_gallery
Tomb:1:   uniq_khufu
Tomb:2
Tomb:3
Depths:1: layout_small_grid, hangedman_abyss_or_decor_stabs, abyss_entry,
          grunt_hell_entry_dis_old, minmay_orc_keep, minmay_shop_grove
Depths:2: abrahamwl_protected_by_tso_2, layout_cave_pools,
          rand_demon_pan_entry_8, abyss_entry, gammafunk_ghost_crypt,
          pf_hell_entry_tar_spiral, roderic_serpentine_path, serial_shops,
          nicolae_shop_behind_doors, nicolae_elemental_shop,
          infiniplex_staircase_pool_2
Depths:3: minmay_the_grid_triangle_9x9_recursive_2
          [minmay_the_grid_triangle_9x9_prize_insulated,
          minmay_the_grid_triangle_9x9_pentomino_pain,
          minmay_the_grid_triangle_9x9_longest,
          minmay_the_grid_triangle_9x9_dagger], layout_cave_shapes, pan_entry,
          lightli_too_deep, minmay_misc_feat_alley,
          minmay_staircase_windowed_small, minmay_shop_star, firewood_loft,
          serial_bayou_shore_b, uniq_frederick
Depths:4: minmay_spriggan_fort, layout_gridlike, enter_ziggurat_f,
          hangedman_abyss_entry_splay, hell_entry, rand_demon_pan_entry_1,
          infiniplex_staircase_door_maze
Hell
Dis:1:    layout_jigsaw
Dis:2:    layout_regular_city, door_vault
Dis:3:    layout_chaotic_city
Dis:4:    layout_overlapping_boxes
Dis:5:    layout_regular_city
Dis:6:    layout_jigsaw, hangedman_player_shredder
Dis:7:    dis_grunt_layers
Geh:1:    layout_gehenna_lava_caves
Geh:2:    layout_gehenna_pools_box
Geh:3:    layout_gehenna_lava_caves, nicolae_geh_sunburst
Geh:4:    layout_gehenna_lava_caves
Geh:5:    layout_gehenna_pools_triple
Geh:6:    layout_gehenna_lava_caves
Geh:7:    geh_hangedman
Coc:1:    layout_ice_bergs
Coc:2:    layout_cocytus_delve, hangedman_elemental_grid_stream,
          nooodl_cocytus_jagged_cave
Coc:3:    layout_ice_bergs, serial_ice, serial_ice_b, serial_ice_d,
          serial_ice_c, serial_ice_g
Coc:4:    layout_ice_bergs, lemuel_elevator
Coc:5:    layout_cocytus_water_paths
Coc:6:    layout_ice_bergs
Coc:7:    coc_old
Tar:1:    layout_honeycomb
Tar:2:    layout_grid_maze, nicolae_tar_cuneiform_not
Tar:3:    layout_catacombs
Tar:4:    layout_grid_maze
Tar:5:    layout_grid_maze
Tar:6:    layout_grid_maze, lemuel_nasty_fountain
Tar:7:    tar_old

Skill      XL: |  1  2  3  4  5  6  7  8  9 10 11 12 13 14 15 16 17 18 19 20 21 22 23 24 25 26 27 |
---------------+----------------------------------------------------------------------------------+-----
Axes           | 5 6 7 10 13 17 19 20 23 26 | 26.8
Invocations    | 1 8 10 12 15 18 20 21 | 21.1
Fighting       | 4 7 8 10 13 14 17 18 20 21 22 27 | 27.0
Armour         | 3 7 8 12 14 16 17 18 20 24 | 24.2
Dodging        | 4 5 10 11 20 | 20.4
Evocations     | 1 7 13 | 13.0
Shields        | 7 10 | 10.4
Translocations | 9 12 | 12.3
Spellcasting   | 3 6 |  6.1
Stealth        | |  1.5

Action                   |  1- 3 |  4- 6 |  7- 9 | 10-12 | 13-15 | 16-18 | 19-21 | 22-24 | 25-27 || total
-------------------------+-------+-------+-------+-------+-------+-------+-------+-------+-------++-------
Melee: Hand axe          |   154 |   119 |   227 |       |       |       |       |       |       ||   500
       Battleaxe         |       |       |    26 |   592 |   408 |   276 |   350 |       |       ||  1652
       Mace              |       |       |       |       |     6 |       |       |       |       ||     6
       War axe           |       |       |       |       |   485 |   356 |       |       |       ||   841
       Broad axe         |       |       |       |       |       |   378 |       |       |     2 ||   380
       Executioner's axe |       |       |       |       |       |       |   330 |   711 |  2050 ||  3091
Throw: Boomerang         |       |     1 |       |       |       |       |       |       |       ||     1
       Dart              |       |       |       |       |       |     2 |       |       |       ||     2
 Cast: Apportation       |       |       |       |       |       |       |       |       |    16 ||    16
Invok: Divine Shield     |       |     4 |     7 |    11 |    19 |    17 |    16 |     6 |    23 ||   103
       Summon Divine War |       |       |       |     4 |       |     5 |    12 |    10 |    34 ||    65
       Brand Weapon With |       |       |       |       |       |       |       |     1 |       ||     1
       Cleansing Flame   |       |       |       |       |       |       |       |     7 |       ||     7
 Abil: Evoke Flight      |       |       |       |       |       |       |       |       |    14 ||    14
Evoke: Sack of spiders   |       |       |       |     2 |       |       |       |       |       ||     2
       Wand              |       |       |       |       |     6 |     5 |     2 |       |     4 ||    17
       Figurine of a zig |       |       |       |       |       |       |       |       |     1 ||     1
  Use: Scroll            |     1 |     5 |    10 |    10 |    19 |    10 |    13 |    15 |    31 ||   114
       Potion            |       |     2 |     1 |     1 |     6 |     7 |    13 |     4 |    19 ||    53
  Eat: Ration            |       |     1 |     1 |     4 |     4 |     6 |     4 |     6 |    14 ||    40
       Chunk             |       |       |     1 |     2 |     4 |       |     2 |       |       ||     9
Armor: Chain mail        |    19 |       |       |       |       |   181 |       |       |       ||   200
       Robe              |     2 |       |       |       |       |       |       |       |       ||     2
       Ring mail         |    49 |    28 |    65 |       |       |       |       |       |       ||   142
       Skin              |       |    15 |       |     5 |       |       |       |       |       ||    20
       Plate armour      |       |       |    52 |   242 |   355 |   301 |   336 |       |       ||  1286
       Troll leather arm |       |       |       |    49 |    30 |    15 |       |       |       ||    94
       Gold dragon scale |       |       |       |       |       |       |    85 |   672 |  1297 ||  2054
Dodge: Dodged            |    73 |    51 |   108 |   195 |   229 |   308 |   294 |   366 |  1612 ||  3236
Block: Other             |       |    33 |    30 |    81 |    69 |    36 |   188 |    94 |   375 ||   906
       Shield            |       |       |       |       |   387 |   508 |       |       |       ||   895
       Reflection        |       |       |       |       |       |    47 |       |       |       ||    47
